 Dungeon Sprint DCSS version 0.21.2 (webtiles) character file.

11536 Fang the Severer (level 11, 0/83 HPs)
             Began as a Gargoyle Berserker on Oct 24, 2018.
             Was the Champion of Trog.
             Slain by a phantasmal warrior (14 damage)
             ... in the Dungeon (Sprint VII: "The Pits") on Oct 25, 2018.
             The game lasted 00:08:43 (2789 turns).

Fang the Severer (Gargoyle Berserker)               Turns: 2789, Time: 00:08:44

Health: 0/83       AC: 24    Str: 27    XL:     11   Next: 79%
Magic:  3/3        EV:  9    Int: 11    God:    Trog [******]
Gold:   64         SH:  0    Dex:  9    Spells: 10/10 levels left

rFire    . . .     SeeInvis .   b - +2 executioner's axe (antimagic)
rCold    . . .     Gourm    .   (shield currently unavailable)
rNeg     + . .     Faith    .   v - +4 chain mail
rPois    ∞         Spirit   .   (no helmet)
rElec    +         Reflect  .   (no cloak)
rCorr    .         Harm     .   (no gloves)
MR       .....     NoTele   +   (no boots)
Stlth    ..........             (no amulet)
HPRegen  0.23/turn              o - +3 ring of strength
MPRegen  0.08/turn              q - +3 ring of intelligence

@: vulnerable, berserk cooldown, slowed, constricted, very slow
A: negative energy resistance 1, electricity resistance, unbreathing,
petrification resistance, rot immunity, AC +8
a: Berserk, Trog's Hand, Brothers in Arms, Burn Spellbooks, Renounce Religion


You were in the Dungeon.
You worshipped Trog.
Trog was exalted by your worship.
You were not hungry.

You visited 1 branch You collected 64 gold pieces.

Inventory:

Hand Weapons
 b - a +2 antimagic executioner's axe (weapon)
 j - a +1 war axe of flaming
 m - a +1 hand axe of freezing
 u - a +1 broad axe of chopping
Armour
 v - a +4 chain mail (worn)
Jewellery
 o - a +3 ring of strength (left hand)
 q - a +3 ring of intelligence (right hand)
 z - an uncursed ring of ice
 A - an uncursed ring of fire
Scrolls
 i - 4 scrolls of blinking
 k - 4 scrolls of remove curse
 l - a scroll of summoning
 n - 4 scrolls of enchant weapon
 w - 2 scrolls of identify
 x - 2 scrolls of enchant armour
 y - a scroll of fear
Potions
 a - 2 potions of invisibility
 d - 9 potions of curing
 e - 15 potions of heal wounds
 f - 2 potions of haste
 g - 4 potions of magic
 h - 3 potions of berserk rage
 p - a potion of resistance
 r - 6 potions of might
 s - a potion of brilliance
 t - a potion of agility
Comestibles
 c - 8 rations


   Skills:
 + Level 15.7 Fighting
 + Level 17.6 Axes
 + Level 13.4 Armour
 + Level 7.0 Dodging
 + Level 2.3 Stealth


You had 10 spell levels left.
You didn't know any spells.

Dungeon Overview and Level Annotations

Branches:
Dungeon (1/1)

Altars:
Ashenzari
Cheibriados
Dithmenos
Elyvilon
Fedhas
Gozag
Hepliaklqana
Kikubaaqudgha
Makhleb
Nemelex Xobeh
Okawaru
Qazlal
Ru
Sif Muna
Trog
Uskayaw
Vehumet
Wu Jian
Xom
Yredelemnul
Zin
The Shining One
Beogh
Jiyva
Lugonu


Innate Abilities, Weirdness & Mutations

You are resistant to torment.
Your stone body is resilient. (AC +8)
You are immune to poison.
You resist negative energy. (rN+)
You are resistant to electric shocks. (rElec)
You can survive without breathing.
You are immune to petrification.
You are immune to rotting.


Message History

The anaconda barely misses you. The anaconda constricts you.
The phantasmal warrior hits you but does no damage.
The anaconda bites you but does no damage.
The anaconda constricts you. The phantasmal warrior hits you!
* * * LOW HITPOINT WARNING * * *
Your cyclops goes berserk!
You feel quite a bit more hungry.
The anaconda bites you but does no damage.
The anaconda constricts you. The anaconda bites you.
* * * LOW HITPOINT WARNING * * *
The anaconda constricts you. The phantasmal warrior hits you.
* * * LOW HITPOINT WARNING * * *
Your magical defenses are stripped away!
The anaconda bites you but does no damage.
The anaconda constricts you.
You escape the anaconda's grasp.
The phantasmal warrior blinks!
The anaconda grabs you. The anaconda barely misses you.
* * * LOW HITPOINT WARNING * * *
The anaconda constricts you. The phantasmal warrior hits you!
You die...

#... #... #..# #..# #..#
###### #..# .##..# #.W#
.##..# #.@# .''..# #.S#
.''..##########§C#
.##...........)).#
.##..............#
################## ########
########## ######
'..)...###........###....####
'.)))....##......##....###..#


You could see an anaconda, a phantasmal warrior and a friendly cyclops
(berserk).

Vanquished Creatures
  4 two-headed ogres (D)
  An alligator snapping turtle (D)
  An ogre mage (D)
  A shadow wraith (D)
  An unseen horror (D)
  An orc sorcerer (D)
  A manticore (D)
  An elephant (D)
  Psyche (D)
  A rime drake (D)
  A kobold demonologist (D)
  A troll (D)
  An ice devil (D)
  A guardian mummy (D)
  A tyrant leech (D)
  2 hornets (D)
  A polar bear (D)
  A bog body (D)
  A hippogriff (D)
  2 redbacks (D)
  A wraith (D)
  A tarantella (D)
  A water elemental (D)
  A spriggan (D)
  A warg (D)
  2 floating eyes (D)
  2 water moccasins (D)
  A porcupine (D)
  An orc warrior (D)
  An ice beast (D)
  2 necrophages (D)
  A wolf (D)
  2 ogres (D)
  2 centaurs (D)
  A crocodile (D)
  A big kobold (D)
  4 killer bees (D)
  3 scorpions (D)
  3 wights (D)
  A hound (D)
  A mummy (D)
  2 river rats (D)
  An adder (D)
  An ufetubus (D)
  An ooze (D)
  2 adder zombies (D)
  An orc (D)
  A ball python (D)
  A bat (D)
  6 jackals (D)
  A quokka (D)
  A giant cockroach zombie (D)
  A leopard gecko skeleton (D)
  3 rats (D)
80 creatures vanquished.

Notes
Turn   | Place    | Note
-------+----------+-------------------------------------------
     0 | D        | Fang the Gargoyle Berserker began the quest for the Orb.
     0 | D        | Reached XP level 1. HP: 14/14 MP: 1/1
    15 | D        | Reached skill level 3 in Axes
   195 | D        | Reached XP level 2. HP: 14/20 MP: 2/2
   201 | D        | Reached ** piety under Trog
   295 | D        | Noticed a floating eye
   299 | D        | Killed a floating eye
   299 | D        | Reached skill level 5 in Axes
   299 | D        | Reached XP level 3. HP: 28/28 MP: 3/3
   299 | D        | Reached XP level 4. HP: 34/34 MP: 4/4
   302 | D        | Reached XP level 5. HP: 38/38 MP: 5/5
   312 | D        | Reached *** piety under Trog
   318 | D        | Reached skill level 6 in Axes
   489 | D        | Found a bloodstained altar of Trog.
   489 | D        | Found a deep blue altar of Sif Muna.
   489 | D        | Found a viscous altar of Jiyva.
   489 | D        | Found a hazy altar of Hepliaklqana.
   489 | D        | Found an opulent altar of Gozag.
   490 | D        | Found a glowing golden altar of the Shining One.
   490 | D        | Found a glowing silver altar of Zin.
   490 | D        | Found a basalt altar of Yredelemnul.
   490 | D        | Found a shimmering altar of Xom.
   490 | D        | Found an ornate altar of the Wu Jian Council.
   490 | D        | Found a sacrificial altar of Ru.
   490 | D        | Found a stormy altar of Qazlal.
   490 | D        | Found an iron altar of Okawaru.
   490 | D        | Found a sparkling altar of Nemelex Xobeh.
   490 | D        | Found a burning altar of Makhleb.
   490 | D        | Found a blossoming altar of Fedhas.
   490 | D        | Found a white marble altar of Elyvilon.
   490 | D        | Found a shadowy altar of Dithmenos.
   490 | D        | Found a snail-covered altar of Cheibriados.
   491 | D        | Found a radiant altar of Vehumet.
   491 | D        | Found a corrupted altar of Lugonu.
   491 | D        | Found a roughly hewn altar of Beogh.
   492 | D        | Found a hide-covered altar of Uskayaw.
   492 | D        | Found an ancient bone altar of Kikubaaqudgha.
   492 | D        | Found a shattered altar of Ashenzari.
   517 | D        | Noticed a water moccasin
   517 | D        | Noticed a wolf
   519 | D        | Noticed a water moccasin
   520 | D        | Noticed a big kobold
   524 | D        | Killed a water moccasin
   524 | D        | Reached **** piety under Trog
   524 | D        | Reached skill level 7 in Axes
   524 | D        | Reached XP level 6. HP: 45/45 MP: 6/6
   525 | D        | Reached skill level 8 in Axes
   525 | D        | Reached skill level 1 in Stealth
   532 | D        | Killed a water moccasin
   532 | D        | Reached skill level 10 in Fighting
   532 | D        | Reached skill level 9 in Axes
   532 | D        | Reached skill level 5 in Armour
   532 | D        | Reached skill level 5 in Dodging
   532 | D        | Reached XP level 7. HP: 52/52 MP: 7/7
   544 | D        | Reached ***** piety under Trog
   660 | D        | Noticed a hornet
   672 | D        | Killed a hornet
   672 | D        | Reached skill level 10 in Axes
   742 | D        | Received a gift from Trog
   748 | D        | Reached XP level 8. HP: 13/60 MP: 8/8
   985 | D        | Noticed a guardian mummy
   985 | D        | Noticed a tarantella
   989 | D        | Killed a tarantella
   994 | D        | Killed a guardian mummy
   994 | D        | Received a gift from Trog
   994 | D        | Reached skill level 11 in Axes
   994 | D        | Noticed a shadow
   994 | D        | Noticed a shadow
  1138 | D        | Noticed an ice devil
  1144 | D        | Killed an ice devil
  1214 | D        | Noticed a manticore
  1215 | D        | Noticed a troll
  1222 | D        | Killed a troll
  1222 | D        | Reached skill level 12 in Axes
  1222 | D        | Reached XP level 9. HP: 65/65 MP: 9/9
  1222 | D        | Killed a manticore
  1280 | D        | Killed an unseen horror
  1280 | D        | Received a gift from Trog
  1280 | D        | Reached skill level 13 in Axes
  1280 | D        | Reached skill level 10 in Armour
  1540 | D        | Paralysed by a floating eye for 4 turns
  1587 | D        | Noticed an elephant
  1605 | D        | Killed an elephant
  1605 | D        | Reached XP level 10. HP: 62/73 MP: 10/10
  1685 | D        | Reached ****** piety under Trog
  1689 | D        | Noticed an orc sorcerer
  1696 | D        | Received a gift from Trog
  1700 | D        | Killed an orc sorcerer
  1700 | D        | Reached skill level 14 in Axes
  1939 | D        | Received a gift from Trog
  1946 | D        | Noticed a two-headed ogre
  1950 | D        | Noticed an ogre mage
  1953 | D        | Noticed a two-headed ogre
  1953 | D        | Noticed a two-headed ogre
  1953 | D        | Noticed a two-headed ogre
  1958 | D        | Killed an ogre mage
  1958 | D        | Reached skill level 15 in Axes
  1962 | D        | Killed a two-headed ogre
  1962 | D        | Received a gift from Trog
  1964 | D        | Killed a two-headed ogre
  1964 | D        | Reached XP level 11. HP: 56/80 MP: 11/11
  1969 | D        | Killed a two-headed ogre
  1969 | D        | Reached skill level 16 in Axes
  1970 | D        | Killed a two-headed ogre
  1970 | D        | Received a gift from Trog
  1970 | D        | Killed a shadow wraith
  2256 | D        | Noticed an alligator snapping turtle
  2256 | D        | Noticed Psyche
  2259 | D        | Reached skill level 15 in Fighting
  2266 | D        | Received a gift from Trog
  2269 | D        | Reached skill level 17 in Axes
  2269 | D        | Received a gift from Trog
  2273 | D        | Killed Psyche
  2279 | D        | HP: 3/123 [alligator snapping turtle (20)]
  2283 | D        | Killed an alligator snapping turtle
  2773 | D        | Noticed a phantasmal warrior
  2773 | D        | Noticed an anaconda
  2777 | D        | Received a gift from Trog
  2789 | D        | Slain by a phantasmal warrior

Skill      XL: |  1  2  3  4  5  6  7  8  9 10 11 |
---------------+----------------------------------+-----
Fighting       | 4 7 8 10 11 12 13 14 15 | 15.7
Axes           | 3 5 7 9 10 12 13 15 17 | 17.6
Armour         | 3 4 5 6 8 10 12 13 | 13.4
Dodging        | 3 4 5 6 7 |  7.0
Stealth        | 1 2 |  2.3

Action                   |  1- 3 |  4- 6 |  7- 9 | 10-12 || total
-------------------------+-------+-------+-------+-------++-------
Melee: Hand axe          |    16 |    34 |    61 |       ||   111
       Broad axe         |       |       |    28 |       ||    28
       War axe           |       |       |    19 |    79 ||    98
       Executioner's axe |       |       |       |    10 ||    10
Invok: Berserk           |     1 |     1 |     4 |     4 ||    10
       Brothers in Arms  |       |       |       |     1 ||     1
  Use: Potion            |       |       |       |     1 ||     1
  Eat: Chunk             |       |       |     8 |     5 ||    13
       Ration            |       |       |       |     1 ||     1
Armor: Animal skin       |     7 |     3 |       |       ||    10
       Chain mail        |       |     5 |   115 |    53 ||   173
Dodge: Dodged            |    14 |    17 |    46 |    56 ||   133
